 Dungeon Crawl Stone Soup version 0.31.0-12-g77e489cdc1 (webtiles) character file.

Game seed: 4862895180444599242

6553 spaghetti the Markself (level 10, -5/64 HPs)
             Began as a Deep Elf Chaos Knight on Feb 18, 2024.
             Was a Plaything of Xom.
             Slain by a sixfirhy (11 damage)
             ... summoned by a kobold demonologist
             ... on level 9 of the Dungeon.
             The game lasted 00:14:01 (6370 turns).

spaghetti the Markself (Deep Elf Chaos Knight)      Turns: 6370, Time: 00:14:02

Health: -5/64      AC:  8    Str:  8    XL:     10   Next: 70%
Magic:  13/13      EV: 12    Int: 22    God:    Xom [......]
Gold:   774        SH:  0    Dex: 23    Spells: 9/9 levels left

rFire   + . .        a - +2 orcbow (heavy)
rCold   . . .        (shield currently unavailable)
rNeg    . . .        j - +3 leather armour
rPois   +            (no helmet)
rElec   .            d - +0 cloak
rCorr   .            (no gloves)
SInv    .            (no boots)
Will    +....        (no amulet)
Stlth   +++          c - +6 ring of dexterity
HPRegen 1.10/turn    e - +4 ring of slaying
MPRegen 0.13/turn

%: random rage (3%)
@: no status effects
A: hooves 1, berserk 1, clever 1, fire resistance 1, high MP 1, passive freeze,
poison resistance, regeneration 1, screaming 1, shaggy fur 1, inability to drink
after injury 1
a: Renounce Religion


You were on level 9 of the Dungeon.
You worshipped Xom.
You were a very special plaything of Xom.
You visited 1 branch of the dungeon, and saw 9 of its levels.
You also visited: Bailey.

You collected 774 gold pieces.

Inventory:

Hand Weapons
 a - a +2 heavy orcbow (weapon)
 b - a +2 dagger of protection
 h - a +0 short sword of chaos
 D - the +9 sling "Gieklijo" {heavy, rC- Will+ Int+2}
   (You found it on level 7 of the Dungeon)

   Int+2:     It affects your intelligence (+2).
   rC-:       It makes you vulnerable to cold.
   Will+:     It increases your willpower.
Missiles
 A - 20 boomerangs
 C - a throwing net
Armour
 d - a +0 cloak (worn)
 j - a +3 leather armour (worn)
 l - an orb of guile
Jewellery
 c - a +6 ring of dexterity (left hand)
 e - a +4 ring of slaying (right hand)
Wands
 g - a wand of polymorph (15)
 k - a wand of charming (8)
 o - a wand of flame (63)
 s - a wand of quicksilver (10)
 u - a wand of iceblast (6)
 y - a wand of mindburst (8)
Scrolls
 p - 2 scrolls of teleportation
 r - 2 scrolls of immolation
 w - 3 scrolls of poison
 x - a scroll of revelation
 E - a scroll of fog
Potions
 f - a potion of mutation
 i - 2 potions of brilliance
 m - a potion of attraction
 n - 4 potions of ambrosia
 q - 2 potions of resistance
 t - 3 potions of heal wounds
 v - a potion of haste {unknown}
 z - 5 potions of enlightenment


   Skills:
 + Level 8.2 Fighting
 - Level 4.1 Short Blades
 - Level 16.0 Ranged Weapons
 - Level 0.7 Armour
 - Level 2.4 Dodging
 - Level 5.1 Stealth


You had 9 spell levels left.
You didn't know any spells.
Your spell library contained the following spells:

 Spells                   Type           Power      Damage    Failure   Level
 Kiss of Death            Conj/Necr      0%         2d5       24%         1
 Magic Dart               Conj           0%         1d3       24%         1
 Slow                     Hex            0%         N/A       24%         1
 Summon Small Mammal      Summ           0%         N/A       24%         1
 Ensorcelled Hibernation  Hex/Ice        0%         N/A       34%         2
 Jinxbite                 Hex            0%         N/A       34%         2
 Searing Ray              Conj           0%         2d4       34%         2
 Sublimation of Blood     Necr           0%         N/A       34%         2
 Call Canine Familiar     Summ           0%         N/A       56%         3
 Confusing Touch          Hex            0%         N/A       56%         3
 Fugue of the Fallen      Necr           0%         N/A       56%         3
 Hailstorm                Conj/Ice       0%         3d5       56%         3
 Summon Ice Beast         Ice/Summ       0%         N/A       56%         3
 Anguish                  Hex/Necr       0%         N/A       93%         4
 Cause Fear               Hex            0%         N/A       93%         4
 Dispel Undead            Necr           0%         3d6       93%         4
 Fulminant Prism          Conj/Alch      0%         3d5       93%         4
 Petrify                  Alch/Erth      0%         N/A       93%         4
 Summon Blazeheart Golem  Fire/Summ      0%         N/A       93%         4
 Fireball                 Conj/Fire      0%         3d3       100%        5
 Irradiate                Conj/Alch      0%         3d11      100%        5
 Sculpt Simulacrum        Ice/Alch       0%         N/A       100%        6
 Enfeeble                 Hex            0%         N/A       100%        7
 Dragon's Call            Summ           0%         N/A       100%        9


Dungeon Overview and Level Annotations

Branches:
Dungeon (9/15)             Temple (0/1) D:5            Lair (0/5) D:8
 Bailey (visited)
    Orc: D:9-12

Altars:
Xom

Shops:
D:4 (   D:9 *

Annotations:
D:4 3 runed translucent doors, rozman's ghost, amateur TrSh
D:6 3 runed translucent doors, hawla's ghost, novice MiFi


Innate Abilities, Weirdness & Mutations

You have large cloven feet.
You sometimes lose your temper in combat.
Your mind is acute. (Int +4, Str/Dex -1)
Your flesh is heat resistant. (rF+)
You have an increased reservoir of magic. (+10% MP)
A frigid envelope surrounds you and freezes all who hurt you.
Your system is resistant to poisons. (rPois)
Your natural rate of healing is unusually fast.
You occasionally shout uncontrollably at your foes.
You are covered in fur. (AC +1)
You occasionally lose the ability to drink potions when taking damage.


Message History

The kobold shouts!
The kobold brigand barely misses you.
The kobold demonologist hits you but does no damage.
The kobold demonologist is very cold.
The kobold demonologist is moderately wounded.
The ynoxinul hits you but does no damage.
The ynoxinul resists.
The ynoxinul is very cold.
The ynoxinul is lightly wounded.
You're too confused to move!
The sixfirhy hits you. The sixfirhy shocks you!
The sixfirhy is very cold.
The sixfirhy is lightly wounded.
The sixfirhy hits you. The sixfirhy shocks you!
The sixfirhy is very cold.
The sixfirhy is moderately wounded.
The kobold demonologist hits you with a +0 dagger.
The kobold demonologist looks satisfied for a moment.
You feel better. The sixfirhy hits you. The sixfirhy shocks you!
The sixfirhy is very cold.
The sixfirhy is heavily wounded.
The sixfirhy barely misses you.
The kobold brigand hits the kobold with a +0 dagger.
The kobold is killed!
The kobold brigand laughs crazily.
The kobold brigand hits the kobold demonologist but does no damage.
The kobold demonologist attacks as it pursues you!
The kobold demonologist closely misses you.
You open the door.
The two-headed ogre hits you with a +0 giant spiked club!!
* * * LOW HITPOINT WARNING * * *
The two-headed ogre is very cold.
The two-headed ogre is heavily wounded.
The two-headed ogre completely misses you.
The kobold demonologist hits you but does no damage.
The kobold demonologist is very cold.
The kobold demonologist is moderately wounded.
The kobold demonologist misses you. The sixfirhy hits you!
* * * LOW HITPOINT WARNING * * *
The sixfirhy shocks you!
You die...
Xom laughs nastily!

.'..#.....#
#.....#
#####.....####
#.....#
##..#........#.
#.....#
....#####(....#
####### ....#
#.....# ....#
+.....+ ...##
#.....### ...##
##......#####
....#
#...KO.@...#
....#
#...)K3#...#
....#
#....3K#...#
....#
#......##+##
##### #.....$#
#......#
#>.....+
#......#
#......#


You could see a two-headed ogre, 2 kobold demonologists, a sixfirhy (summoned),
a ynoxinul (summoned) and a kobold brigand (confused).

Vanquished Creatures
  A two-headed ogre (D:9)
  Joseph (D:9)
  Maggie (D:9)
  Eustachio (D:6)
  A yak (D:8)
  Grum (D:9)
  A wyvern (D:9)
  2 acid dragons
  2 sky beasts
  4 water moccasins
  An ice beast (D:8)
  3 black bears
  8 orc warriors
  3 ogres
  3 wolves (D:9)
  3 centaurs
  2 phantoms
  A kobold brigand (D:9)
  2 bullfrogs (D:8)
  2 scorpions
  A gnoll sergeant (D:5)
  8 wights
  A bombardier beetle (D:5)
  4 howler monkeys
  7 orc priests
  A gnoll bouda (D:7)
  2 hounds (D:5)
  6 orc wizards
  2 sleepcaps
  3 iguanas
  Natasha (thrice) (D:2)
  18 gnolls
  9 adders
  A shadow imp (D:6)
  A white imp (D:6)
  3 ribbon worms
  28 orcs
  4 ball pythons
  4 endoplasms
  3 giant cockroaches
  10 goblins
  5 hobgoblins
  2 jackals (D:1)
  31 kobolds
  3 quokkas
  5 bats
  5 frilled lizards
  8 rats
221 creatures vanquished.

Notes
Turn   | Place    | Note
-------+----------+-------------------------------------------
     0 | D:1      | spaghetti the Deep Elf Chaos Knight began the quest for the
                  | Orb.
     0 | D:1      | Reached XP level 1. HP: 13/13 MP: 3/3
   116 | D:1      | Reached skill level 1 in Stealth
   127 | D:1      | XOM: silly message
   163 | D:1      | XOM: give mutations
   163 | D:1      | Gained mutation: You passively map a small area around you.
                  | [Xom's mischief]
   163 | D:1      | Gained mutation: Armour fits poorly on your strangely
                  | shaped body. [Xom's mischief]
   163 | D:1      | Gained mutation: You are clumsy. (Dex -2) [Xom's mischief]
   203 | D:1      | Reached XP level 2. HP: 18/18 MP: 4/4
   412 | D:1      | XOM: cloud trail
   478 | D:1      | XOM: god gift: wand of polymorph (6)
   480 | D:1      | Lost mutation: You passively map a small area around you.
                  | [potion of mutation]
   480 | D:1      | Lost mutation: You are clumsy. (Dex -2) [potion of
                  | mutation]
   480 | D:1      | Lost mutation: Armour fits poorly on your strangely shaped
                  | body. [potion of mutation]
   480 | D:1      | Gained mutation: You have hidden genetic potential. [potion
                  | of mutation]
   480 | D:1      | Gained mutation: Your movements are slightly less
                  | encumbered by armour. (ER -2) [potion of mutation]
   480 | D:1      | Gained mutation: Your spells are a little harder to cast,
                  | but a little more powerful. [potion of mutation]
   743 | D:1      | Reached XP level 3. HP: 22/22 MP: 5/5
  1012 | D:2      | XOM: butterfly on damage
  1158 | D:2      | Noticed Natasha
  1164 | D:2      | Killed Natasha
  1165 | D:2      | Reached skill level 1 in Ranged Weapons
  1184 | D:2      | Gained mutation: Your flesh is heat resistant. (rF+)
                  | [hidden potential]
  1242 | D:2      | Noticed Natasha
  1245 | D:2      | Killed Natasha
  1246 | D:2      | Reached XP level 4. HP: 27/27 MP: 6/6
  1274 | D:2      | Noticed Natasha
  1278 | D:2      | Killed Natasha
  1280 | D:2      | Gained mutation: You have supernaturally acute eyesight.
                  | (SInv) [hidden potential]
  1280 | D:2      | Lost mutation: You have hidden genetic potential. [hidden
                  | potential expressed]
  1463 | D:3      | XOM: give mutations
  1463 | D:3      | Gained mutation: Your magical capacity is low. (-10% MP)
                  | [Xom's mischief]
  1463 | D:3      | Lost mutation: You have supernaturally acute eyesight.
                  | (SInv) [Xom's mischief]
  1463 | D:3      | Gained mutation: Your muscles are strong. (Str +4, Int/Dex
                  | -1) [Xom's mischief]
  1484 | D:3      | Reached skill level 2 in Ranged Weapons
  1591 | D:3      | XOM: 1-stop teleportation journey
  1704 | D:3      | Reached XP level 5. HP: 32/32 MP: 6/6
  1878 | D:3      | Noticed a black bear
  1887 | D:3      | Killed a black bear
  1888 | D:3      | Reached skill level 3 in Ranged Weapons
  1888 | D:3      | Reached XP level 6. HP: 3/37 MP: 7/7
  2017 | D:3      | XOM: summons 4 hostile demons
  2284 | D:3      | XOM: give mutations
  2284 | D:3      | Gained mutation: Your natural rate of healing is unusually
                  | fast. [Xom's grace]
  2284 | D:3      | Gained mutation: Your mind is acute. (Int +4, Str/Dex -1)
                  | [Xom's grace]
  2345 | D:4      | XOM: destruction
  2358 | D:4      | XOM: god gift: fine morningstar {god gift}
  2358 | D:4      | Identified the +0 morningstar of Dishonesty {chaos, rPois
                  | rCorr Int+3 Stlth+} (Xom gifted it to you on level 4 of the
                  | Dungeon)
  2418 | D:4      | Reached skill level 4 in Ranged Weapons
  2420 | D:4      | Reached skill level 5 in Stealth
  2464 | D:4      | Found a runed translucent gate.
  2470 | D:4      | Found a runed translucent gate.
  2471 | D:4      | Found a runed translucent gate.
  2471 | D:4      | Noticed rozman's ghost (amateur TrSh)
  2520 | D:4      | Noticed Edmund
  2528 | D:4      | Reached skill level 5 in Ranged Weapons
  2555 | D:5      | Entered Level 5 of the Dungeon
  2573 | D:5      | XOM: confuse monster(s)
  2576 | D:5      | Reached XP level 7. HP: 42/42 MP: 8/8
  2594 | D:5      | XOM: give mutations
  2594 | D:5      | Lost mutation: Your magical capacity is low. (-10% MP)
                  | [Xom's mischief]
  2594 | D:5      | Gained mutation: You sometimes lose your temper in combat.
                  | [Xom's mischief]
  2594 | D:5      | Lost mutation: Your spells are a little harder to cast, but
                  | a little more powerful. [Xom's mischief]
  2594 | D:5      | Gained mutation: You have a somewhat thin skeletal
                  | structure. (Dex +2, Stealth+) [Xom's mischief]
  2729 | D:5      | Reached skill level 6 in Ranged Weapons
  2789 | D:5      | Reached skill level 7 in Ranged Weapons
  2825 | D:5      | Found a staircase to the Ecumenical Temple.
  2875 | D:5      | Reached skill level 8 in Ranged Weapons
  2904 | D:4      | Found Qut Ged's Antique Weapon Shoppe.
  2919 | D:4      | Edmund changed into Edmund the rat
  2919 | D:4      | Noticed Edmund
  2919 | D:4      | XOM: polymorph Edmund -> Edmund the rat
  2922 | D:4      | Killed Edmund the rat
  2994 | D:4      | Reached skill level 9 in Ranged Weapons
  2994 | D:4      | Reached XP level 8. HP: 48/48 MP: 10/10
  3085 | D:4      | XOM: give mutations
  3085 | D:4      | Lost mutation: Your mind is acute. (Int +4, Str/Dex -1)
                  | [Xom's mischief]
  3085 | D:4      | Lost mutation: Your muscles are strong. (Str +4, Int/Dex
                  | -1) [Xom's mischief]
  3085 | D:4      | Lost mutation: You have a somewhat thin skeletal structure.
                  | (Dex +2, Stealth+) [Xom's mischief]
  3085 | D:4      | Gained mutation: You occasionally lose the ability to drink
                  | potions when taking damage. [Xom's mischief]
  3374 | D:5      | Reached skill level 10 in Ranged Weapons
  3562 | D:6      | Reached skill level 11 in Ranged Weapons
  3583 | D:6      | XOM: summons 4 hostile demons
  3622 | D:6      | Found a runed translucent gate.
  3623 | D:6      | Found a runed translucent gate.
  3623 | D:6      | Found a runed translucent gate.
  3631 | D:6      | Noticed Eustachio
  3643 | D:6      | Killed Eustachio
  3644 | D:6      | Reached skill level 12 in Ranged Weapons
  3923 | D:6      | XOM: noise
  3993 | D:6      | Reached XP level 9. HP: 52/52 MP: 11/11
  4126 | D:6      | Reached skill level 13 in Ranged Weapons
  4301 | D:6      | XOM: scenery: 1 doors open, 3 doors close
  4414 | D:6      | Noticed hawla's ghost (novice MiFi)
  4438 | D:7      | Found a flagged portal.
  4631 | D:6      | XOM: give mutations
  4631 | D:6      | Gained mutation: Your mind is acute. (Int +4, Str/Dex -1)
                  | [Xom's grace]
  4631 | D:6      | Gained mutation: Your flesh is very heat resistant. (rF++)
                  | [Xom's grace]
  4631 | D:6      | Gained mutation: You are covered in fur. (AC +1) [Xom's
                  | grace]
  4631 | D:6      | Gained mutation: You have large cloven feet. [Xom's grace]
  4684 | D:7      | Reached skill level 14 in Ranged Weapons
  4778 | Bailey   | Entered a bailey
  4807 | Bailey   | Identified the +4 flail of Midwinter {flame, MP-9 Str+6
                  | Int-2}
  4810 | Bailey   | Reached skill level 15 in Ranged Weapons
  4861 | Bailey   | XOM: give mutation
  4861 | Bailey   | Gained mutation: You have an increased reservoir of magic.
                  | (+10% MP) [Xom's mischief]
  4937 | Bailey   | Got Uwueliutt's Excursus on Invitation and Misfortune
  4988 | Bailey   | XOM: give mutations
  4988 | Bailey   | Gained mutation: You have hoof-like feet. [Xom's mischief]
  4988 | Bailey   | Lost mutation: Your flesh is very heat resistant. (rF++)
                  | [Xom's mischief]
  4988 | Bailey   | Lost mutation: Your movements are slightly less encumbered
                  | by armour. (ER -2) [Xom's mischief]
  5321 | Bailey   | XOM: give mutation
  5321 | Bailey   | Lost mutation: You have hoof-like feet. [Xom's mischief]
  5540 | D:7      | Reached skill level 16 in Ranged Weapons
  5598 | D:7      | Identified the +1 leather armour "Deghuoma" {rF+ Will+}
  5698 | D:7      | Identified the +9 sling "Gieklijo" {heavy, rC- Will+ Int+2}
  5851 | D:8      | Reached XP level 10. HP: 58/58 MP: 13/13
  5861 | D:8      | Reached skill level 5 in Fighting
  5875 | D:8      | XOM: noise
  5907 | D:8      | Found a staircase to the Lair.
  5907 | D:8      | XOM: swap monsters
  6006 | D:9      | Noticed Maggie
  6010 | D:9      | Killed Maggie
  6066 | D:9      | Noticed Joseph
  6069 | D:9      | Killed Joseph
  6100 | D:9      | Noticed Grum
  6112 | D:9      | Killed Grum
  6135 | D:9      | XOM: give mutations
  6135 | D:9      | Gained mutation: A frigid envelope surrounds you and
                  | freezes all who hurt you. [Xom's mischief]
  6135 | D:9      | Gained mutation: You occasionally shout uncontrollably at
                  | your foes. [Xom's mischief]
  6135 | D:9      | Gained mutation: Your system is resistant to poisons.
                  | (rPois) [Xom's mischief]
  6180 | D:9      | Found Imiarocu's General Store.
  6224 | D:9      | Noticed a two-headed ogre
  6229 | D:9      | Killed a two-headed ogre
  6266 | D:9      | Found a shimmering altar of Xom.
  6360 | D:9      | Noticed a two-headed ogre
  6362 | D:9      | XOM: swap monsters
  6363 | D:9      | XOM: confusion
  6365 | D:9      | Noticed a sixfirhy
  6370 | D:9      | Slain by a sixfirhy

Illustrated notes

Levels and vault maps discovered:
D:1:      amcnicky_arrival_wind_blow, layout_basic
D:2:      layout_basic, uniq_natasha
D:3:      layout_loops_ring
D:4:      layout_cave_pools, ebering_ghost_rock_garden, serial_shops,
          nicolae_shop_stone, uniq_edmund
D:5:      layout_gridville, minmay_temple_entry_hall
D:6:      layout_loops_ring, gammafunk_ghost_necromancy, nicolae_hexahallways,
          uniq_eustachio
D:7:      layout_rooms, enter_bailey_2, st_stairs_7, nicolae_lava_and_water
D:8:      nzn_winding_woodlands_small [nzn_winding_woodlands_5x15_sawtooth,
          nzn_winding_woodlands_center_pierced_h,
          nzn_winding_woodlands_5x15_pathside_ponds], layout_cave_pools,
          due_lair_maze_entry_diamond, minivault_22
D:9:      layout_gridville, old_standard_altar, orc_0_dummy, serial_shops,
          nicolae_shop_tiny_real_fake_doors, kennysheep_generic_room_9,
          uniq_maggie, uniq_joseph, uniq_grum

Skill      XL: |  1  2  3  4  5  6  7  8  9 10 |
---------------+-------------------------------+-----
Stealth        | 1 2 3 4 5 |  5.1
Ranged Weapons | 1 2 3 5 9 12 16 | 16.0
Short Blades   | 4 |  4.1
Fighting       | 3 4 8 |  8.2
Armour         | |  0.7
Dodging        | |  2.4

Action                     |  1- 3 |  4- 6 |  7- 9 | 10-12 || total
---------------------------+-------+-------+-------+-------++-------
  Melee: Short sword       |    46 |       |       |       ||    46
         Dagger            |       |     5 |       |       ||     5
         Orcbow            |       |     1 |       |       ||     1
   Fire: Orcbow            |    21 |   127 |   293 |    86 ||   527
  Evoke: Wand              |       |     1 |       |     1 ||     2
    Use: Scroll            |     3 |     5 |     9 |     2 ||    19
         Potion            |     2 |     2 |       |     1 ||     5
   Stab: Sleeping          |     4 |       |       |       ||     4
 Armour: Leather armour    |    18 |    54 |    49 |    30 ||   151
  Dodge: Dodged            |    23 |    57 |    60 |    31 ||   171
